 Dungeon Sprint DCSS version 0.29.1-12-g30fa7ad0bf (webtiles) character file.

Game seed: 2725375597155398946

525836 Groucho the End of an Era (level 21, 163/163 HPs)
             Began as a Gargoyle Fighter on Dec 30, 2022.
             Was the Champion of Qazlal.
             Escaped with the Orb!
             The game lasted 00:29:13 (8285 turns).

Groucho the End of an Era (Gargoyle Fighter)        Turns: 8285, Time: 00:29:13

Health: 163/163    AC: 66    Str: 27    XL:     21   Next: 0%
Magic:  40/40      EV:  9    Int: 13    God:    Qazlal [******]
Gold:   0          SH: 44    Dex: 13    Spells: 45/51 levels left

rFire   + + .      SeeInvis +   a - +6 shillelagh "Devastator" {shatter}
rCold   + + +      Faith    .   c - +18 shield of the Gong {rElec rN+ Will+ EV-5}
rNeg    + + +      Spirit   .   k - +9 gold dragon scales
rPois   ∞          Reflect  .   W - +0 helmet {SInv}
rElec   +          Harm     .   G - +2 cloak {Stlth+}
rCorr   .          Rampage  +   R - +2 pair of gloves {infuse}
Will    +++..      NoTele   +   Z - +2 pair of boots {rampage}
Stlth   ..........              D - amulet of Saebb {rN+ Regen+ Dex+4 Slay+5}
HPRegen 1.17/turn               E - ring of Qeukorad {rPois rF+}
MPRegen 0.27/turn               F - ring "Osej" {rC++ Will+}

@: flying, studying 3 skills, repel missiles
A: sickness immunity, AC +16, big wings, negative energy resistance 1,
electricity resistance, torment resistance 1, petrification resistance
0: Orb of Zot
a: Renounce Religion, Upheaval, Elemental Force, Disaster Area


You escaped.
You worshipped Qazlal.
Qazlal was exalted by your worship.
You visited 1 branch

Inventory:

Hand Weapons
 a - the +6 shillelagh "Devastator" (weapon) {shatter}
   (You found it in the Dungeon)

   It releases a powerful concussive burst when it strikes, dealing extra damage
   to the target and all other foes adjacent to them.
 L - the +5 broad axe of the Foot {vorpal, rC+ rN++}
   (You found it in the Dungeon)

   It inflicts extra damage upon your enemies.
   rC:        It protects you from cold.
   rN:        It greatly protects you from negative energy.
Armour
 b - the +15 Maxwell's patent armour {-Cast -Tele rElec Will+ rCorr}
   (You found it in the Dungeon)

   rElec:     It insulates you from electricity.
   -Cast:     It prevents spellcasting.
   -Tele:     It prevents most forms of teleportation.
   rCorr:     It protects you from acid and corrosion.
   Will:      It increases your willpower.
 c - the +18 shield of the Gong (worn) {rElec rN+ Will+ EV-5}
   (You found it in the Dungeon)

   It is deafeningly noisy when blocking attacks.
   EV:        It affects your evasion (-5).
   rElec:     It insulates you from electricity.
   rN:        It protects you from negative energy.
   Will:      It increases your willpower.
 k - +9 gold dragon scales (worn)
 G - a +2 cloak of stealth (worn)
 R - a +2 pair of gloves of infusion (worn)
 W - a +0 helmet of see invisible (worn)
 Z - a +2 pair of boots of rampaging (worn)
Jewellery
 v - an amulet of magic regeneration
 w - a ring of magical power
 x - the ring of Holodyna {Ice rElec rPois Will+}
   (You found it in the Dungeon)

   [ring of ice]

   It enhances your ice magic.
   rF:        It makes you vulnerable to fire.
   rC:        It protects you from cold.
   rElec:     It insulates you from electricity.
   rPois:     It protects you from poison.
   Will:      It increases your willpower.
 y - the ring "Zaoleyla" {rElec AC+4 Str+9 Dex+2 Stlth+}
   (You found it in the Dungeon)

   [ring of protection]

   AC:        It affects your AC (+4).
   Str:       It affects your strength (+9).
   Dex:       It affects your dexterity (+2).
   rElec:     It insulates you from electricity.
   Stlth:     It makes you more stealthy.
 z - an amulet of guardian spirit
 A - an amulet of the acrobat
 D - the amulet of Saebb (around neck) {rN+ Regen+ Dex+4 Slay+5}
   (You found it in the Dungeon)

   [amulet of regeneration]

   Dex:       It affects your dexterity (+4).
   Slay:      It affects your accuracy & damage with ranged weapons and melee
   (+5).
   rN:        It protects you from negative energy.
   Regen:     It increases your rate of health regeneration.
 E - the ring of Qeukorad (left hand) {rPois rF+}
   (You found it in the Dungeon)

   [ring of protection from fire]

   rF:        It protects you from fire.
   rPois:     It protects you from poison.
 F - the ring "Osej" (right hand) {rC++ Will+}
   (You found it in the Dungeon)

   [ring of willpower]

   rC:        It greatly protects you from cold.
   Will:      It increases your willpower.
 J - the ring of Ycvoma {rElec MP+9 Str+4 Int+6}
   (You found it in the Dungeon)

   [ring of magical power]

   Str:       It affects your strength (+4).
   Int:       It affects your intelligence (+6).
   rElec:     It insulates you from electricity.
   MP:        It affects your magic capacity (+9).
 T - the amulet "Qoiton" {Reflect rN+ SH+5}
   (You found it in the Dungeon)

   [amulet of reflection]

   It reflects blocked missile attacks.
   rN:        It protects you from negative energy.
   SH:        It affects your SH (+5).
 Y - the ring "Pathat" {rCorr Slay+3}
   (You found it in the Dungeon)

   [ring of resist corrosion]

   Slay:      It affects your accuracy & damage with ranged weapons and melee
   (+3).
   rCorr:     It protects you from acid and corrosion.
Wands
 t - a wand of mindburst (7)
 u - a wand of acid (7)
Scrolls
 j - 4 scrolls of blinking
 p - 4 scrolls of amnesia
 q - 7 scrolls of fog
 r - 5 scrolls of identify
 s - 2 scrolls of fear
 C - 8 scrolls of enchant weapon
 M - 8 scrolls of brand weapon
Potions
 d - 6 potions of might
 e - 10 potions of curing
 f - 27 potions of heal wounds
 g - 5 potions of haste
 h - 3 potions of magic
 i - 2 potions of berserk rage
 l - 2 potions of brilliance
 m - a potion of invisibility
 n - 4 potions of resistance


   Skills:
 O Level 27 Fighting
 - Level 20.4 Maces & Flails
 O Level 27 Armour
 + Level 19.7 Dodging
 O Level 27 Shields
 + Level 15.7 Spellcasting
 * Level 24.0 Conjurations
 * Level 19.1 Transmutations
 O Level 27 Earth Magic
 O Level 27 Invocations


You had 45 spell levels left.
You knew the following spells:

 Your Spells              Type           Power      Damage    Failure   Level
a - Iron Shot             Conj/Erth      33%        9d7       1%          6

Your spell library contained the following spells:

 Spells                   Type           Power      Damage    Failure   Level
 Magic Dart               Conj           100%       1d8       0%          1
 Passwall                 Tmut/Erth      52%        N/A       0%          2
 Searing Ray              Conj           100%       2d8       0%          2
 Stone Arrow              Conj/Erth      100%       3d13      0%          3
 Lee's Rapid Deconstruct  Erth           34%        3d18*     0%          5
 Foxfire                  Conj/Fire      100%       2x1d9     1%          1
 Shock                    Conj/Air       100%       1d9       1%          1
 Sting                    Tmut/Pois      100%       1d8       1%          1
 Static Discharge         Conj/Air       41%        3-9/arc   1%          2
 Wereblood                Tmut           56%        N/A       1%          2
 Conjure Flame            Conj/Fire      41%        6-21      1%          3
 Dazzling Flash           Conj/Hex       82%        N/A       1%          3
 Animate Armour           Summ/Erth      90%        N/A       1%          4
 Leda's Liquefaction      Hex/Erth       22%        N/A       1%          4
 Petrify                  Tmut/Erth      63%        N/A       1%          4
 Blade Hands              Tmut           28%        N/A       1%          5
 Irradiate                Conj/Tmut      30%        3d21      1%          5
 Spider Form              Tmut/Pois      35%        N/A       2%          3
 Flame Wave               Conj/Fire      41%        2d11      2%          4
 Fulminant Prism          Conj/Hex       20%        3d13      2%          4
 Hailstorm                Conj/Ice       41%        3d10      2%          4
 Iskenderun's Mystic Bla  Conj/Tloc      41%        2d9       2%          4
 Sticky Flame             Conj/Fire      41%        2d6       2%          4
 Mephitic Cloud           Conj/Pois/Air  31%        N/A       4%          3
 Borgnjor's Vile Clutch   Necr/Erth      22%        N/A       4%          5
 Lehudib's Crystal Spear  Conj/Erth      33%        10d9      7%          8
 Ice Form                 Ice/Tmut       35%        N/A       8%          4
 Fireball                 Conj/Fire      20%        3d10      8%          5
 Ignite Poison            Fire/Tmut/Pois 26%        N/A       9%          3
 Dragon Form              Tmut           28%        N/A       13%         7
 Alistair's Intoxication  Tmut/Pois      23%        N/A       22%         5
 Yara's Violent Unravell  Hex/Tmut       17%        3d8       22%         5
 Freeze                   Ice            40%        1d6       36%         1
 Necrotise                Necr           40%        1d6       36%         1
 Summon Small Mammal      Summ           40%        N/A       36%         1
 Freezing Cloud           Conj/Ice/Air   15%        6-21      36%         5
 Starburst                Conj/Fire      20%        6d7       38%         6
 Blink                    Tloc           20%        N/A       50%         2
 Call Imp                 Summ           10%        N/A       50%         2
 Ensorcelled Hibernation  Hex/Ice        20%        N/A       50%         2
 Scorch                   Fire           20%        2d6       50%         2
 Call Canine Familiar     Summ           10%        N/A       75%         3
 Confusing Touch          Hex            10%        N/A       75%         3
 Frozen Ramparts          Ice            20%        1d4       75%         3
 Gell's Gravitas          Tloc           10%        N/A       75%         3
 Inner Flame              Hex/Fire       10%        N/A       75%         3
 Lesser Beckoning         Tloc           10%        N/A       75%         3
 Portal Projectile        Hex/Tloc       20%        N/A       75%         3
 Summon Guardian Golem    Hex/Summ       10%        N/A       75%         3
 Swiftness                Air            10%        N/A       75%         3
 Teleport Other           Tloc           10%        N/A       75%         3
 Tukima's Dance           Hex            10%        N/A       75%         3
 Vampiric Draining        Necr           10%        2d6       75%         3
 Eringya's Noxious Bog    Tmut/Pois      17%        N/A       75%         6
 Spellforged Servitor     Conj/Summ      20%        N/A       93%         7
 Airstrike                Air            5%         2d(1-17)  98%         4
 Anguish                  Hex/Necr       5%         N/A       98%         4
 Animate Dead             Necr           10%        N/A       98%         4
 Cause Fear               Hex            5%         N/A       98%         4
 Corpse Rot               Necr/Pois/Air  10%        N/A       98%         4
 Dispel Undead            Necr           10%        3d9       98%         4
 Olgreb's Toxic Radiance  Pois           10%        N/A       98%         4
 Passage of Golubria      Tloc           10%        N/A       98%         4
 Summon Ice Beast         Ice/Summ       10%        N/A       98%         4
 Summon Lightning Spire   Summ/Air       10%        N/A       98%         4
 Agony                    Necr           10%        N/A       100%        5
 Manifold Assault         Tloc           10%        N/A       100%        5
 Metabolic Englaciation   Hex/Ice        5%         N/A       100%        5
 Summon Forest            Summ/Tloc      5%         N/A       100%        5
 Summon Mana Viper        Hex/Summ       10%        N/A       100%        5
 Death Channel            Necr           5%         N/A       100%        6
 Dispersal                Tloc           5%         N/A       100%        6
 Simulacrum               Ice/Necr       5%         N/A       100%        6
 Summon Cactus Giant      Summ           5%         N/A       100%        6
 Haunt                    Necr/Summ      5%         N/A       100%        7
 Malign Gateway           Summ/Tloc      5%         N/A       100%        7
 Monstrous Menagerie      Summ           5%         N/A       100%        7
 Storm Form               Tmut/Air       17%        N/A       100%        7
 Summon Hydra             Summ           5%         N/A       100%        7
 Ignition                 Fire           5%         3d4       100%        8
 Infestation              Necr           5%         N/A       100%        8
 Maxwell's Capacitive Co  Air            5%         ∞         100%        8
 Necromutation            Tmut/Necr      17%        N/A       100%        8
 Summon Horrible Things   Summ           5%         N/A       100%        8
 Death's Door             Necr           5%         N/A       100%        9
 Dragon's Call            Summ           5%         N/A       100%        9
 Statue Form              Tmut/Erth      Unusable   N/A       N/A         6
 Sublimation of Blood     Necr           Unusable   N/A       N/A         2

Dungeon Overview and Level Annotations

Branches:
Dungeon (1/1)

Altars:
Ashenzari
Cheibriados
Dithmenos
Elyvilon
Fedhas
Gozag
Hepliaklqana
Kikubaaqudgha
Makhleb
Nemelex Xobeh
Okawaru
Qazlal
Ru
Sif Muna
Trog
Uskayaw
Vehumet
Wu Jian
Xom
Yredelemnul
Zin
The Shining One
Jiyva
Lugonu


Innate Abilities, Weirdness & Mutations

You are immune to sickness and miasma.
Your stone body is resilient. (AC +16)
You are immune to poison.
Your large and strong wings let you fly.
You resist negative energy. (rN+)
You are resistant to electric shocks. (rElec)
You are resistant to unholy torment.
You are immune to petrification.


Message History

Unknown command.
You start resting.
You start resting.
Magic restored.
You start waiting.
You start waiting.
You start waiting.
You start waiting.
You start waiting.
You start waiting.
You start waiting.
You start waiting.
You start waiting.
You start waiting.
You start waiting.
Items here: )))) [[[.
There is a staircase leading out of the dungeon here.
Things that are here:
a +4 long sword of holy wrath; a +0 tower shield
Items here: )))) [[[.
There is a staircase leading out of the dungeon here.
Things that are here:
a +4 long sword of holy wrath; a +0 tower shield You feel more experienced!
Your Conjurations skill increases to level 24!
You have reached level 21!
Your experience leads to an increase in your attributes!
Your base attributes are Str 27, Int 11, Dex 9.
Increase (S)trength, (I)ntelligence, or (D)exterity?
You feel clever. x2
Unknown command.
Unknown command.
You start waiting.
Unknown command.
Unknown command.
You start waiting.
Unknown command.
You start waiting.
Done waiting.
You have escaped!

..÷...[.....▓..▓.......▓..▓...8©8
............▓.▓▓▓.....▓▓▓.▓..).})
............▓..▓.......▓..▓..[)))
............▓.............▓...)..
............▓......©......▓......
............▓▓▓▓▓▓▓▓▓▓▓▓▓▓▓......
............▓8888888888888▓......
▓.......▓...▓8........).)8▓......
............▓8○°@))...©..8▓.▓....
............▓8..☼○.))...[8▓....©.
....©.......▓8888888888888▓▓▓▓▓▓▓
▓▓▓▓▓▓▓▓▓▓▓▓▓▓▓▓▓▓▓▓▓▓▓▓▓▓▓▓▓▓▓▓▓
.....8©8........▓....=.).8©8.....
[|)|[.))[):..)..▓..}..).}:|)}[=).
|).).}).[)..}|}}▓.[.:[=.)...}:)..
}).).|)|[).))...▓...)..)::...:."?
.)÷.............▓...".÷).)..|....


There were no monsters in sight!

Vanquished Creatures
  2 seraphim (D)
  2 ancient liches (D)
  5 pandemonium lords (D)
  3 royal mummies (D)
  4 shard shrikes (D)
  A golden dragon (D)
  A profane servitor (D)
  A bone dragon (D)
  A Tzitzimitl (D)
  3 Ice Fiends (D)
  3 Orb Guardians (D)
  3 titans (D)
  6 deep elf blademasters (D)
  5 deep elf master archers (D)
  A lich (D)
  A death cob (D)
  4 tentacled starspawn (D)
  9 acid blobs (D)
  3 Executioners (D)
  5 shadow dragons (D)
  A storm dragon (D)
  7 azure jellies (D)
  A daeva (D)
  17 narguns (D)
  3 frost giants (D)
  A draconian knight (D)
  9 rockslimes (D)
  4 deep elf sorcerers (D)
  A cacodemon (D)
  6 ghost moths (D)
  4 orc warlords (D)
  2 angels (D)
  2 broodmothers (D)
  A demonspawn blood saint (D)
  A very ugly thing (D)
  2 green draconians (D)
  2 lorocyprocas (D)
  14 stone giants (D)
  A demonspawn black sun (D)
  4 deep elf annihilators (D)
  A purple draconian (D)
  2 yellow draconians (D)
  A red draconian (D)
  19 wendigos (D)
  A white draconian (D)
  3 green deaths (D)
  2 eidola (D)
  5 yaktaur captains (D)
  5 mummy priests (D)
  A deep elf high priest (D)
  4 great orbs of eyes (D)
  A rakshasa (D)
  9 vault guards (D)
  A boulder beetle (D)
  A hell beast (D)
  2 jorogumos (D)
  A centaur warrior (D)
  An alligator (shapeshifter) (D)
  5 dancing weapons (D)
  2 catoblepae (D)
  2 death scarabs (D)
  A two-headed ogre (shapeshifter) (D)
  A death knight (D)
  6 thrashing horrors (D)
  A sun demon (D)
  4 hell hogs (D)
  An orc high priest (D)
  A soul eater (D)
  4 deep elf knights (D)
  A sixfirhy (D)
  A skeletal warrior (D)
  2 pharaoh ants (D)
  A wretched star (D)
  2 glowing orange brains (D)
  3 cherubim (D)
  A deep troll (shapeshifter) (D)
  3 steelbarb worms (D)
  7 starcursed masses (D)
  2 necromancers (D)
  4 deep elf archers (D)
  7 deep elf pyromancers (D)
  2 deep elf zephyrmancers (D)
  5 shining eyes (D)
  2 harpies (shapeshifter) (D)
  3 ugly things (D)
  A will-o-the-wisp (D)
  A wolf spider (shapeshifter) (D)
  6 orc knights (D)
  4 wolf spiders (D)
  An orc sorcerer (D)
  4 cyclopes (D)
  4 moths of wrath (D)
  A moth of wrath (shapeshifter) (D)
  5 worldbinders (D)
  A black mamba (D)
  An elephant (D)
  5 eyes of devastation (D)
  A cane toad (D)
  An orange demon (D)
  4 smoke demons (D)
  3 demonic crawlers (D)
  2 hellions (D)
  A rime drake (D)
  3 komodo dragons (D)
  3 ice devils (D)
  3 tormentors (D)
  2 hellwings (D)
  7 yaktaurs (D)
  5 ancient zymes (D)
  4 trolls (D)
  3 guardian mummies (D)
  2 red devils (D)
  10 hornets (D)
  3 raiju (D)
  A raiju (shapeshifter) (D)
  29 slime creatures (D)
  An air elemental (D)
  2 jumping spiders (D)
  2 flying skulls (D)
  3 ynoxinuls (D)
  A fire bat (D)
  A fire elemental (D)
  A wyvern (D)
  4 ushabtiu (D)
  A culicivora (D)
  8 neqoxecs (D)
  A yak (D)
  A chaos spawn (D)
  4 golden eyes (D)
  2 redbacks (D)
  3 wargs (D)
  3 hell hounds (D)
  A floating eye (D)
  A naga (D)
  3 water moccasins (D)
  12 orc warriors (D)
  2 ogres (D)
  4 centaurs (D)
  A wolf (D)
  4 large abominations (D)
  3 bullfrogs (D)
  An earth elemental (D)
  3 wights (D)
  8 small abominations (D)
  A crimson imp (D)
  8 jellies (D)
  3 orc priests (D)
  2 quasits (D)
  4 iron imps (D)
  4 orc wizards (D)
  12 mummies (D)
  4 adders (D)
  4 white imps (D)
  An ufetubus (D)
  2 adder skeletons (D)
  2 adder zombies (D)
  3 adder simulacra (D)
  An orc (D)
  6 ball pythons (D)
  2 bat skeletons (D)
  A bat zombie (D)
  An endoplasm (D)
  5 ball python simulacra (D)
  3 ball python zombies (D)
  A frilled lizard (D)
  2 giant cockroach zombies (D)
  A quokka simulacrum (D)
  A quokka zombie (D)
  A lurking horror (D)
  3 starspawn tentacles (D)
560 creatures vanquished.

Vanquished Creatures (others)
  2 adder simulacra (D)
  A bat simulacrum (D)
  A starspawn tentacle (D)
4 creatures vanquished.

Grand Total: 564 creatures vanquished

Notes
Turn   | Place    | Note
-------+----------+-------------------------------------------
     0 | D        | Groucho the Gargoyle Fighter began the quest for the Orb.
     0 | D        | Reached XP level 1. HP: 14/14 MP: 1/1
     5 | D        | Found a shimmering blue altar of Sif Muna.
     5 | D        | Found a bloodstained altar of Trog.
     5 | D        | Found a sacrificial altar of Ru.
     5 | D        | Found a stormy altar of Qazlal.
     5 | D        | Found an iron altar of Okawaru.
     6 | D        | Found a sparkling altar of Nemelex Xobeh.
     6 | D        | Found a blossoming altar of Fedhas.
     6 | D        | Found the +6 Majin-Bo {vamp, MP+6 Int+6}
     6 | D        | Found the +9 heavy crossbow "Sniper" {vorpal, Acc+∞ SInv}
     6 | D        | Found the +10 dark maul {vorpal}
     6 | D        | Found the +15 Maxwell's patent armour {-Cast -Tele rElec
                  | Will+ rCorr}
     6 | D        | Found the +18 shield of the Gong {rElec rN+ Will+ EV-5}
     6 | D        | Found the +14 obsidian axe {vorpal, Mesm Drain Fly SInv}
     6 | D        | Found the +7 great mace "Firestarter" {inner flame, rF++}
     6 | D        | Found the +6 shillelagh "Devastator" {shatter}
     6 | D        | Found the +11 plutonium sword {Contam Stlth-}
     6 | D        | Found the +8 lance "Wyrmbane" {slay drac, rPois rF+ rC+
                  | AC+3}
     6 | D        | Found the +9 sword of Zonguldrok {reap}
     6 | D        | Found the +13 scythe of Curses {drain, Drain}
     6 | D        | Found the +5 sword of Power {vorpal}
     6 | D        | Found the +7 mace of Variability {chain chaos}
     6 | D        | Found the +7 Singing Sword {vorpal, sonic wave}
     6 | D        | Found the +8 storm bow {elec, penet}
     8 | D        | Found a transporter.
     8 | D        | Found an ancient bone altar of Kikubaaqudgha.
     8 | D        | Found a viscous altar of Jiyva.
     8 | D        | Found a corrupted altar of Lugonu.
     8 | D        | Found a hazy altar of Hepliaklqana.
     8 | D        | Found a burning altar of Makhleb.
     8 | D        | Found an opulent altar of Gozag.
    23 | D        | Became a worshipper of Qazlal Stormbringer
    74 | D        | Entered arena 2.
    74 | D        | Noticed a deep elf pyromancer
    74 | D        | Noticed a +1 scimitar of holy wrath
    74 | D        | Found a transporter.
    78 | D        | Killed a deep elf pyromancer
    79 | D        | Reached XP level 2. HP: 25/25 MP: 1/7
    79 | D        | Reached XP level 3. HP: 29/29 MP: 1/9
    79 | D        | Reached XP level 4. HP: 35/35 MP: 1/10
    79 | D        | Reached XP level 5. HP: 39/39 MP: 1/12
    79 | D        | Reached XP level 6. HP: 44/44 MP: 1/13
   108 | D        | Entered arena 3.
   108 | D        | Noticed a water moccasin
   108 | D        | Found a transporter.
   114 | D        | Reached XP level 7. HP: 43/48 MP: 7/14
   115 | D        | Reached * piety under Qazlal
   116 | D        | Reached skill level 10 in Invocations
   121 | D        | Killed a +1 scimitar of holy wrath
   122 | D        | Reached XP level 8. HP: 48/56 MP: 8/17
   299 | D        | Entered arena 4.
   299 | D        | Found a transporter.
   302 | D        | Reached ** piety under Qazlal
   313 | D        | Entered arena 5.
   313 | D        | Found a transporter.
   314 | D        | Reached *** piety under Qazlal
   527 | D        | Entered arena 6.
   527 | D        | Found a transporter.
   528 | D        | Reached **** piety under Qazlal
   544 | D        | Entered arena 7.
   547 | D        | Reached ***** piety under Qazlal
   548 | D        | Reached skill level 10 in Fighting
   548 | D        | Reached skill level 10 in Armour
   548 | D        | Reached skill level 10 in Shields
   548 | D        | Found a transporter.
   555 | D        | Got the amulet of Saebb {rN+ Regen+ Dex+4 Slay+5}
   628 | D        | Entered arena 8.
   628 | D        | Noticed a +2 vorpal hand axe
   628 | D        | Noticed a deep elf archer
   628 | D        | Noticed a +0 flail of protection
   628 | D        | Noticed a +4 war axe of electrocution
   628 | D        | Noticed a deep elf archer
   628 | D        | Noticed a deep elf knight
   629 | D        | Found a transporter.
   630 | D        | Killed a deep elf knight
   630 | D        | Killed a +2 vorpal hand axe
   630 | D        | Killed a deep elf archer
   630 | D        | Killed a +0 flail of protection
   630 | D        | Killed a deep elf archer
   631 | D        | Reached skill level 15 in Invocations
   631 | D        | Reached XP level 9. HP: 65/65 MP: 9/20
   631 | D        | Reached XP level 10. HP: 71/71 MP: 9/21
   632 | D        | Killed a +4 war axe of electrocution
   914 | D        | Got the Parchment of the Captivating Excursion
   919 | D        | Entered arena 9.
   919 | D        | Noticed a deep elf sorcerer
   920 | D        | Found a transporter.
   922 | D        | Killed a deep elf sorcerer
   935 | D        | Got the ring of Qeukorad {rPois rF+}
   938 | D        | Got the ring "Osej" {rC++ Will+}
  1101 | D        | Entered arena 10.
  1101 | D        | Noticed a shining eye
  1102 | D        | Found a transporter.
  1103 | D        | Reached ****** piety under Qazlal
  1103 | D        | Killed a shining eye
  1104 | D        | Reached XP level 11. HP: 76/76 MP: 14/23
  1120 | D        | Got the amulet of Dishonesty {Spirit +Inv}
  1130 | D        | Got the amulet "Qiyhiss" {Spirit Fly Str-5 Dex+5}
  1253 | D        | Entered arena 11.
  1253 | D        | Noticed a deep elf zephyrmancer
  1253 | D        | Noticed a +0 war axe of flaming
  1253 | D        | Noticed a deep elf archer
  1253 | D        | Noticed a deep elf knight
  1253 | D        | Noticed a deep elf pyromancer
  1253 | D        | Noticed a deep elf pyromancer
  1253 | D        | Noticed a deep elf knight
  1253 | D        | Noticed a deep elf pyromancer
  1254 | D        | Found a transporter.
  1255 | D        | Killed a deep elf pyromancer
  1255 | D        | Killed a deep elf zephyrmancer
  1255 | D        | Killed a deep elf pyromancer
  1255 | D        | Killed a deep elf archer
  1255 | D        | Killed a deep elf pyromancer
  1255 | D        | Killed a deep elf knight
  1255 | D        | Killed a deep elf knight
  1255 | D        | Killed a +0 war axe of flaming
  1262 | D        | Got the Guidebook on Spellbinding
  1284 | D        | Entered arena 12.
  1284 | D        | Noticed a skeletal warrior
  1284 | D        | Noticed a necromancer
  1284 | D        | Noticed a necromancer
  1286 | D        | Found a transporter.
  1287 | D        | Killed a necromancer
  1287 | D        | Killed a necromancer
  1288 | D        | Reached skill level 10 in Maces & Flails
  1290 | D        | Killed a skeletal warrior
  1562 | D        | Got the ring of Ycvoma {rElec MP+9 Str+4 Int+6}
  1580 | D        | Entered arena 13.
  1580 | D        | Found the +6 lightning scales {swift, rElec}
  1580 | D        | Noticed a nargun
  1580 | D        | Noticed a titan
  1580 | D        | Noticed a frost giant
  1581 | D        | Noticed a frost giant
  1582 | D        | Killed a frost giant
  1582 | D        | Killed a frost giant
  1583 | D        | Reached XP level 12. HP: 52/86 MP: 16/25
  1583 | D        | Killed a nargun
  1584 | D        | Killed a titan
  1585 | D        | Reached skill level 15 in Shields
  1843 | D        | Found a transporter.
  1874 | D        | Entered arena 14.
  1874 | D        | Noticed an azure jelly
  1874 | D        | Noticed a great orb of eyes
  1874 | D        | Noticed a rockslime
  1875 | D        | Noticed an acid blob
  1875 | D        | Noticed a great orb of eyes
  1875 | D        | Noticed a rockslime
  1877 | D        | Killed a great orb of eyes
  1877 | D        | Killed a great orb of eyes
  1877 | D        | Killed an azure jelly
  1877 | D        | Killed a rockslime
  1877 | D        | Killed an acid blob
  1877 | D        | Killed a rockslime
  1878 | D        | Reached skill level 15 in Fighting
  1878 | D        | Reached skill level 15 in Armour
  1878 | D        | Reached XP level 13. HP: 84/93 MP: 18/27
  2102 | D        | Found a transporter.
  2108 | D        | Got the Enchiridion on the Fetid Legion
  2123 | D        | Got the +5 broad axe of the Foot {vorpal, rC+ rN++}
  2241 | D        | Entered arena 15.
  2242 | D        | Noticed a cacodemon
  2242 | D        | Noticed Ruylel the pandemonium lord
  2242 | D        | Noticed Pennitum the pandemonium lord
  2242 | D        | Noticed Zimimar the pandemonium lord
  2243 | D        | Noticed Mogubeto the pandemonium lord
  2244 | D        | Killed a cacodemon
  2244 | D        | Killed Ruylel the pandemonium lord
  2245 | D        | Killed Zimimar the pandemonium lord
  2245 | D        | Killed Mogubeto the pandemonium lord
  2273 | D        | HP: 2/96 [suicidal targeting (53)]
  2273 | D        | Killed Pennitum the pandemonium lord
  2501 | D        | Found a transporter.
  2510 | D        | Got the amulet of Axzar {Spirit Dex+4 Stlth+}
  2530 | D        | Entered arena 16.
  2530 | D        | Noticed a cyan very ugly thing
  2532 | D        | Found the +3 giant club "Skullcrusher" {speed, Str+7}
  2534 | D        | Killed a brown very ugly thing
  2535 | D        | Gained mutation: Your large and strong wings let you fly.
                  | [Gargoyle growth]
  2535 | D        | Reached XP level 14. HP: 99/103 MP: 20/30
  2545 | D        | Found a transporter.
  2591 | D        | Entered arena 17.
  2592 | D        | Noticed a death cob
  2593 | D        | Noticed a yellow draconian
  2593 | D        | Noticed a purple draconian
  2593 | D        | Noticed a storm dragon
  2593 | D        | Noticed a green draconian
  2593 | D        | Noticed a shadow dragon
  2594 | D        | Noticed an Orb Guardian
  2594 | D        | Noticed an Orb Guardian
  2594 | D        | Noticed a white draconian
  2594 | D        | Noticed a red draconian
  2595 | D        | Killed a storm dragon
  2595 | D        | Killed a purple draconian
  2595 | D        | Killed a white draconian
  2595 | D        | Killed a red draconian
  2595 | D        | Killed a shadow dragon
  2595 | D        | Killed an Orb Guardian
  2595 | D        | Killed a green draconian
  2595 | D        | Killed an Orb Guardian
  2595 | D        | Killed a yellow draconian
  2595 | D        | Killed a yellow draconian
  2595 | D        | Noticed a black draconian knight
  2596 | D        | Reached skill level 15 in Maces & Flails
  2599 | D        | Identified the +3 executioner's axe of Ullic {freeze, *Rage
                  | rCorr Dex+6}
  2599 | D        | Identified the amulet "Qetasaxt" {Spirit Int+7} (You took
                  | it off a yellow draconian in the Dungeon)
  2599 | D        | Noticed a green draconian
  2601 | D        | Killed a death cob
  2604 | D        | Killed a black draconian knight
  2604 | D        | Noticed a golden dragon
  2605 | D        | Killed a green draconian
  2608 | D        | Killed a golden dragon
  2835 | D        | Found a transporter.
  2845 | D        | Got the Omnibus of the Spatial Congregation
  2864 | D        | Got Xufiudgh's Directory of Forceful Sinister Magic
  2872 | D        | Entered arena 18.
  3016 | D        | Found a transporter.
  3025 | D        | Got the ring of Olugu {Drain rElec rF+ Dex+6 SInv}
  3049 | D        | Entered arena 19.
  3051 | D        | Noticed a shadow dragon
  3051 | D        | Noticed a shadow dragon
  3051 | D        | Noticed a shadow dragon
  3051 | D        | Noticed a shadow dragon
  3051 | D        | Identified the +7 hand axe "Goblinbane" {freeze, Dex+3}
  3052 | D        | Noticed a stone giant
  3052 | D        | Noticed a stone giant
  3052 | D        | Identified the amulet of Guergheis {Reflect rN+ Dex+3 SH+5}
  3053 | D        | Noticed a stone giant
  3054 | D        | Killed a stone giant
  3054 | D        | Killed a stone giant
  3055 | D        | Reached XP level 15. HP: 112/112 MP: 23/32
  3055 | D        | Killed a shadow dragon
  3055 | D        | Killed a shadow dragon
  3055 | D        | Killed a shadow dragon
  3056 | D        | Reached skill level 27 in Invocations
  3057 | D        | Killed a shadow dragon
  3228 | D        | Found a transporter.
  3293 | D        | Got the +1 pair of boots "Geler" {Dex+4}
  3313 | D        | Entered arena 20.
  3317 | D        | Noticed a deep elf master archer
  3318 | D        | Noticed a deep elf master archer
  3320 | D        | Killed a deep elf master archer
  3320 | D        | Killed a deep elf master archer
  3475 | D        | Found a transporter.
  3486 | D        | Got the Commentary on Invitation
  3545 | D        | Entered arena 21.
  3547 | D        | Noticed a deep elf blademaster
  3547 | D        | Noticed a deep elf blademaster
  3549 | D        | Noticed a deep elf blademaster
  3549 | D        | Noticed a deep elf blademaster
  3549 | D        | Paralysed by an air elemental for 1 turns
  3549 | D        | Noticed a deep elf master archer
  3549 | D        | Noticed a deep elf master archer
  3550 | D        | Identified the +1 glaive "Kyuwoogu" {drain, rElec rPois}
  3550 | D        | Killed a deep elf master archer
  3550 | D        | Killed a deep elf blademaster
  3550 | D        | Killed a deep elf blademaster
  3550 | D        | Killed a deep elf blademaster
  3550 | D        | Killed a deep elf blademaster
  3551 | D        | Reached skill level 5 in Dodging
  3551 | D        | Reached XP level 16. HP: 124/124 MP: 24/33
  3552 | D        | Killed a deep elf blademaster
  3552 | D        | Identified the +7 great sword of Fragile Peace {vorpal,
                  | Int+3 SInv}
  3553 | D        | Killed a deep elf master archer
  3554 | D        | Noticed a deep elf master archer
  3556 | D        | Killed a deep elf master archer
  3556 | D        | Noticed a deep elf blademaster
  3558 | D        | Killed a deep elf blademaster
  3800 | D        | Found a transporter.
  3819 | D        | Got the Volume of Shapes
  3878 | D        | Entered arena 22.
  3881 | D        | Noticed a tentacled starspawn
  3881 | D        | Noticed an Executioner
  3886 | D        | Killed a tentacled starspawn
  3886 | D        | Killed an Executioner
  4084 | D        | Found the +1 robe of Vines {NoPotionHeal Regen++++}
  4085 | D        | Found a transporter.
  4091 | D        | Got the ring of the Grim God {Fire Int+3}
  4097 | D        | Got the amulet "Qoiton" {Reflect rN+ SH+5}
  4106 | D        | Got the ring of Oqyr Sim {rN+ Will++ Str+6}
  4143 | D        | Entered arena 23.
  4148 | D        | Identified the +8 morningstar "Lonotseigg" {pain, rF- Int+6
                  | SInv}
  4148 | D        | Noticed a royal mummy
  4153 | D        | Noticed a royal mummy
  4155 | D        | Noticed a royal mummy
  4156 | D        | Killed a royal mummy
  4161 | D        | Killed a royal mummy
  4162 | D        | Reached skill level 10 in Dodging
  4162 | D        | Killed a royal mummy
  4518 | D        | Found a transporter.
  4527 | D        | Got the ring "Amonus" {rCorr Str+5}
  4614 | D        | Entered arena 24.
  4624 | D        | Reached XP level 17. HP: 120/135 MP: 0/34
  4640 | D        | Found the +3 crown of Dyrovepreva {rElec Int+2 SInv}
  4641 | D        | Found a transporter.
  4723 | D        | Got the ring "Qehasyng" {*Corrode rPois Str+4}
  4743 | D        | Got the ring "Pathat" {rCorr Slay+3}
  4752 | D        | Got the Writings on Collective Transmigration
  4773 | D        | Entered arena 25.
  4780 | D        | Identified the +5 falchion "Killer Klown's Death" {venom,
                  | +Blink Will+ Str-4}
  4780 | D        | Identified the +6 mace "Ylay" {vorpal, *Noise Will+++ Dex-4
                  | Stlth+}
  4786 | D        | Reached skill level 27 in Fighting
  4786 | D        | Reached skill level 27 in Armour
  4786 | D        | Reached skill level 27 in Shields
  4946 | D        | Found a transporter.
  4968 | D        | Got the Precepts of Vitriolic Transmogrification
  5064 | D        | Entered arena 26.
  5072 | D        | Noticed a tentacled starspawn
  5072 | D        | Noticed a lich
  5072 | D        | Noticed a tentacled starspawn
  5073 | D        | Noticed Jiunorgh the pandemonium lord
  5074 | D        | Killed a tentacled starspawn
  5074 | D        | Killed a lich
  5074 | D        | Killed a tentacled starspawn
  5074 | D        | Killed a tentacled starspawn
  5074 | D        | Killed Jiunorgh the pandemonium lord
  5075 | D        | Reached skill level 15 in Dodging
  5075 | D        | Reached XP level 18. HP: 85/145 MP: 26/35
  5078 | D        | Noticed a bone dragon
  5090 | D        | Killed a bone dragon
  5091 | D        | Reached skill level 15 in Earth Magic
  5389 | D        | Found the +7 lajatang of Order {silver, rMut}
  5390 | D        | Found a transporter.
  5407 | D        | Found the +2 hat of the Bear Spirit {Spirit, *Rage Will++}
  5409 | D        | Got the Grimoire of Ethics
  5418 | D        | Got the Volume of Assembled Cold
  5455 | D        | Got Xeczoc's Catalogue of Foul Conduction
  5495 | D        | Entered arena 27.
  5503 | D        | Noticed an Ice Fiend
  5503 | D        | Noticed an ancient lich
  5503 | D        | Noticed an Ice Fiend
  5503 | D        | Noticed a shard shrike
  5503 | D        | Noticed a shard shrike
  5503 | D        | Identified the amulet "Rostriett" {rElec Regen+ Str+2
                  | Int-5}
  5503 | D        | Found the +8 longbow "Zephyr" {speed, Dex+3 SInv}
  5503 | D        | Noticed a shard shrike
  5503 | D        | Noticed a shard shrike
  5503 | D        | Noticed an Ice Fiend
  5503 | D        | Noticed an ancient lich
  5504 | D        | Noticed a titan
  5504 | D        | Noticed a titan
  5505 | D        | Killed a shard shrike
  5505 | D        | Killed a shard shrike
  5505 | D        | Killed an Ice Fiend
  5505 | D        | Killed a titan
  5505 | D        | Killed a titan
  5505 | D        | Killed an Ice Fiend
  5505 | D        | Killed a shard shrike
  5506 | D        | Reached skill level 10 in Spellcasting
  5506 | D        | Killed a shard shrike
  5506 | D        | Killed an ancient lich
  5506 | D        | Killed an ancient lich
  5506 | D        | Killed an Ice Fiend
  5507 | D        | Reached skill level 15 in Conjurations
  5507 | D        | Reached XP level 19. HP: 104/151 MP: 19/36
  5673 | D        | Found a transporter.
  5679 | D        | Got the Grimoire of Compression
  5681 | D        | Got the ring of Holodyna {Ice rElec rPois Will+}
  5719 | D        | Got the Lectures on Air and Darkness
  5797 | D        | Entered arena 28.
  5805 | D        | Found the +5 lochaber axe {reach-cleave, poleaxe}
  5816 | D        | Found a transporter.
  5953 | D        | Got the ring "Zaoleyla" {rElec AC+4 Str+9 Dex+2 Stlth+}
  5988 | D        | Got the ring "Mumoegg" {MP+9 SInv}
  6062 | D        | Got the Orb of Zot
  6499 | D        | Learned a level 6 spell: Iron Shot
  6787 | D        | Noticed a seraph
  6791 | D        | Killed a seraph
  7181 | D        | Noticed a seraph
  7182 | D        | Reached skill level 15 in Spellcasting
  7189 | D        | Killed a seraph
  7230 | D        | Noticed a profane servitor
  7233 | D        | Killed a profane servitor
  7350 | D        | Noticed a Tzitzimitl
  7361 | D        | Killed a Tzitzimitl
  7592 | D        | Reached skill level 27 in Earth Magic
  7645 | D        | Reached XP level 20. HP: 157/157 MP: 32/39
  8017 | D        | Reached XP level 21. HP: 163/163 MP: 40/40
  8285 | D        | Escaped with the Orb!

Illustrated notes

Levels and vault maps discovered:
D:        sprint_v [room_start, room_1, room_2, room_3, room_4, room_5, room_6,
          room_7, room_8, room_9, room_10, room_11, room_12, room_13, room_14,
          room_15, room_16, room_17, room_18, room_19, room_20, room_21,
          room_22, room_23, room_24, room_25, room_26, room_27]

Skill      XL: |  1  2  3  4  5  6  7  8  9 10 11 12 13 14 15 16 17 18 19 20 |
---------------+-------------------------------------------------------------+-----
Fighting       | 7 9 11 12 14 15 17 20 22 25 27 | 27.0
Armour         | 7 9 11 12 14 15 17 19 22 25 27 | 27.0
Shields        | 7 9 11 12 14 15 18 20 22 25 27 | 27.0
Invocations    | 9 12 15 17 19 21 24 26 27 | 27.0
Maces & Flails | 6 8 10 12 14 16 19 20 | 20.4
Dodging        | 5 12 15 17 19 | 19.7
Spellcasting   | 7 12 15 | 15.7
Earth Magic    | 13 21 27 | 27.0
Conjurations   | 15 23 24 | 24.0
Transmutations | 14 19 | 19.1

Action                   |  1- 3 |  4- 6 |  7- 9 | 10-12 | 13-15 | 16-18 | 19-21 || total
-------------------------+-------+-------+-------+-------+-------+-------+-------++-------
Melee: Shillelagh        |     3 |    22 |    11 |     7 |    34 |    30 |    73 ||   180
Invok: Upheaval          |       |       |     8 |     6 |     9 |    24 |    21 ||    68
       Disaster Area     |       |       |     1 |     5 |    10 |     8 |     5 ||    29
  Use: Potion            |     1 |     6 |       |       |     2 |     6 |     1 ||    16
       Scroll            |       |       |       |       |       |     4 |       ||     4
 Stab: Invisible         |       |     1 |     1 |       |       |       |       ||     2
Armor: Plate armour      |     1 |    12 |     5 |     2 |    16 |       |       ||    36
       Gold dragon scale |       |       |       |       |     1 |    34 |    14 ||    49
Dodge: Dodged            |       |       |       |       |     1 |     9 |       ||    10
       Repelled          |       |       |       |       |       |       |     1 ||     1
Block: Kite shield       |     4 |    53 |    11 |     9 |    58 |    81 |    49 ||   265
